 Dungeon Sprint DCSS version 0.17-a0-1646-geb1493d (webtiles) character file.

3096 Kidiri the Covert (level 9, -9/48 HPs)
             Began as a Spriggan Warper on Aug 10, 2015.
             Was an Initiate of Dithmenos.
             Mangled by a chaos spawn (12 damage)
             ... summoned by a kobold demonologist
             ... while paralysed by a giant eyeball
             ... in the Dungeon (Sprint I: "Red Sonja").
             The game lasted 00:10:16 (2511 turns).

Kidiri the Covert (Spriggan Warper)                 Turns: 2511, Time: 00:10:16

Health: -9/48      AC:  3    Str:  7    XL:     9   Next: 59%
Magic:  24/25      EV:  4    Int: 16    God:    Dithmenos [......]
Gold:   993        SH:  0    Dex: 17    Spells: 6 memorised, 16 levels left

rFire  + . .     SeeInvis +     k - +0 short sword (distort)
rCold  . . .     Clarity  .     g - +1 robe {rF+}
rNeg   . . .     SustAt   .     (shield restricted)
rPois  .         Gourm    .     (helmet restricted)
rElec  .         Spirit   .     (no cloak)
rCorr  .         Warding  .     (gloves unavailable)
rMut   .         NoTele   +     (boots unavailable)
MR     +....                    (no amulet)
Stlth  +++++++...               (no ring)
                                (no ring)

@: paralysed, very quick, somewhat resistant to hostile enchantments, extremely
stealthy
A: unfitting armour, see invisible, herbivore 3, speed 3, slow metabolism 2
a: Renounce Religion


You were in the Dungeon.
You worshipped Dithmenos.
Dithmenos was noncommittal.
You were not hungry.

You visited 1 branch You collected 993 gold pieces.

Inventory:

Hand weapons
 k - a +0 short sword of distortion (weapon)
Missiles
 e - 4 tomahawks of dispersal (quivered)
Armour
 g - a +1 robe of fire resistance (worn)
Scrolls
 d - 2 scrolls of blinking
 n - a scroll of immolation {unknown}
Potions
 a - a potion of invisibility {unknown}
 b - a potion of curing
 i - a potion of haste
 j - 2 potions of magic
Books
 c - a book of Spatial Translocations

   Spells                             Type                      Level
   a - Apportation                    Translocation                1
   b - Blink                          Translocation                2
   c - Shroud of Golubria             Charms/Translocation         2
   d - Portal Projectile              Translocation                3
   e - Teleport Other                 Translocation                3
   f - Passage of Golubria            Translocation                4
Comestibles
 f - a bread ration


   Skills:
 + Level 5.8 Fighting
 * Level 10.7 Short Blades
 - Level 2.1 Throwing
 * Level 13.6 Dodging
 * Level 14.2 Stealth
 * Level 11.6 Spellcasting
 + Level 9.2 Charms
 + Level 10.6 Translocations
 + Level 0.0 Invocations


You had 16 spell levels left.
You knew the following spells:

 Your Spells              Type           Power        Failure   Level  Hunger
a - Apportation           Tloc           #####.....   1%          1    None
b - Blink                 Tloc           N/A          1%          2    None
c - Shroud of Golubria    Chrm/Tloc      #####.....   1%          2    None
d - Portal Projectile     Tloc           #####.       1%          3    None
e - Teleport Other        Tloc           #####...     1%          3    None
f - Passage of Golubria   Tloc           N/A          1%          4    ###....


Dungeon Overview and Level Annotations

Branches:
Dungeon (1/1)

Altars:
Cheibriados
Dithmenos
Elyvilon
Fedhas
Gozag
Kikubaaqudgha
Makhleb
Nemelex Xobeh
Okawaru
Qazlal
Ru
Sif Muna
Trog
Vehumet
Xom
Yredelemnul
Zin
The Shining One
Jiyva

Shops:
D *[[


Innate Abilities, Weirdness & Mutations

You are tiny and cannot use many weapons and most armour.
You have supernaturally acute eyesight.
You are a herbivore.
You cover ground extremely quickly.
You need consume almost no food.


Message History

The kobold demonologist closely misses you.
The kobold demonologist gestures wildly while chanting.
The chaos spawn misses you. The ynoxinul gestures at you.
The iron shot hits you!
Ouch! That really hurt!
* * * LOW HITPOINT WARNING * * *
Drink which item? (? for menu, Esc to quit)
You feel better.
The kobold demonologist disappears!
The chaos spawn misses you. The giant eyeball gazes at you.
You suddenly lose the ability to move!
The ynoxinul hits you!
* * * LOW HITPOINT WARNING * * *
Your shroud falls apart!
The ufetubus hits you.
* * * LOW HITPOINT WARNING * * *
The ufetubus hits you.
* * * LOW HITPOINT WARNING * * *
The chaos spawn hits you!
You die...

#####################
.'..#.['..#__#..@5KG#
.#..'..#..'..'.3#35.#
###+#####+#__####.4.+
##..#...#[####%§#####
_####..##[#§≈§§§#§.#
..__##+#..+≈≈≈§§+§.#
.∩..%+..._#§≈§.§#§§#
..._##_.#+##+#####+###
____###+#.#(.§§###.+.#


You could see an orange demon, a kobold demonologist, a ynoxinul, a chaos spawn,
a giant eyeball, a white imp and an ufetubus.

Vanquished Creatures
  Sonja (D)
  A deep troll (D)
  An oklob plant (D)
  2 trapdoor spiders (D)
  Sigmund (D)
  A yak (D)
  An ogre (D)
  A wasp (D)
  A jelly (D)
  Ijyb (D)
  2 ballistomycetes (D)
  A giant spore (D)
14 creatures vanquished.

Vanquished Creatures (others)
  2 centaur warriors (D)
  A gargoyle (D)
  A trapdoor spider (D)
  A giant spore (D)
5 creatures vanquished.

Grand Total: 19 creatures vanquished

Notes
Turn   | Place    | Note
--------------------------------------------------------------
     0 | D        | Kidiri the Spriggan Warper began the quest for the Orb.
     0 | D        | Reached XP level 1. HP: 10/10 MP: 5/5
     2 | D        | Noticed Ijyb
    29 | D        | Killed Ijyb
    29 | D        | Reached skill level 5 in Dodging
    29 | D        | Reached skill level 5 in Translocations
    29 | D        | Reached XP level 2. HP: 15/15 MP: 6/8
   277 | D        | Learned a level 2 spell: Blink
   280 | D        | Learned a level 2 spell: Shroud of Golubria
   282 | D        | Noticed an ogre
   299 | D        | Killed an ogre
   299 | D        | Reached skill level 6 in Dodging
   299 | D        | Reached skill level 5 in Spellcasting
   299 | D        | Reached XP level 3. HP: 17/19 MP: 9/11
   299 | D        | Reached XP level 4. HP: 20/23 MP: 9/12
   351 | D        | Learned a level 3 spell: Portal Projectile
   355 | D        | Learned a level 3 spell: Teleport Other
   357 | D        | Noticed Sigmund
   359 | D        | Killed Sigmund
   359 | D        | Reached skill level 8 in Dodging
   359 | D        | Reached XP level 5. HP: 26/28 MP: 13/15
   359 | D        | Reached XP level 6. HP: 29/32 MP: 13/16
   388 | D        | Learned a level 4 spell: Passage of Golubria
   389 | D        | Found a snail-covered altar of Cheibriados.
   389 | D        | Found a viscous altar of Jiyva.
   389 | D        | Found a shadowy altar of Dithmenos.
   389 | D        | Found a blossoming altar of Fedhas.
   389 | D        | Noticed a slime creature
  1033 | D        | Killed a gargoyle
  1249 | D        | Found a deep blue altar of Sif Muna.
  1250 | D        | Noticed a jelly
  1251 | D        | Found a radiant altar of Vehumet.
  1255 | D        | Killed a jelly
  1287 | D        | Found Rysak's Antique Armour Emporium.
  1287 | D        | Found a white marble altar of Elyvilon.
  1287 | D        | Found a stormy altar of Qazlal.
  1287 | D        | Found a burning altar of Makhleb.
  1287 | D        | Found a sacrificial altar of Ru.
  1287 | D        | Found a basalt altar of Yredelemnul.
  1287 | D        | Found a glowing golden altar of the Shining One.
  1287 | D        | Found a sparkling altar of Nemelex Xobeh.
  1287 | D        | Found a shimmering altar of Xom.
  1287 | D        | Found an opulent altar of Gozag.
  1287 | D        | Found an ancient bone altar of Kikubaaqudgha.
  1287 | D        | Found a glowing silver altar of Zin.
  1287 | D        | Noticed a yak
  1288 | D        | Found an iron altar of Okawaru.
  1291 | D        | Killed a yak
  1291 | D        | Reached skill level 9 in Dodging
  1291 | D        | Reached skill level 5 in Charms
  1294 | D        | Found a bloodstained altar of Trog.
  1310 | D        | Noticed Sonja
  1314 | D        | Killed Sonja
  1314 | D        | Reached skill level 11 in Dodging
  1314 | D        | Reached XP level 7. HP: 36/38 MP: 17/20
  1314 | D        | Reached XP level 8. HP: 39/42 MP: 18/22
  1597 | D        | Found Vyorr's General Store.
  1618 | D        | Noticed a deep troll
  1622 | D        | Killed a deep troll
  1622 | D        | Reached skill level 5 in Fighting
  1622 | D        | Reached skill level 12 in Dodging
  1622 | D        | Reached skill level 10 in Spellcasting
  1633 | D        | Found Huliboff's Armour Emporium.
  1657 | D        | Noticed a centaur warrior
  1657 | D        | Noticed a centaur warrior
  1674 | D        | Banished a centaur warrior
  1704 | D        | Banished a centaur warrior
  1704 | D        | Reached skill level 13 in Stealth
  1704 | D        | Reached skill level 10 in Translocations
  1704 | D        | Reached XP level 9. HP: 32/47 MP: 24/24
  1818 | D        | Noticed a wasp
  1827 | D        | Noticed an oklob plant
  1830 | D        | Killed an oklob plant
  1830 | D        | Reached skill level 10 in Short Blades
  1832 | D        | Killed a wasp
  1849 | D        | Noticed a trapdoor spider
  1854 | D        | Killed a trapdoor spider
  1854 | D        | Reached skill level 14 in Stealth
  1857 | D        | Noticed a trapdoor spider
  1869 | D        | Noticed a trapdoor spider
  1869 | D        | Noticed a trapdoor spider
  1884 | D        | Killed a trapdoor spider
  1931 | D        | Banished a trapdoor spider
  2224 | D        | Became a worshipper of Dithmenos the Shadowed
  2503 | D        | Noticed a kobold demonologist
  2504 | D        | Noticed a kobold demonologist
  2510 | D        | Noticed an orange demon
  2510 | D        | Paralysed by a giant eyeball for 4 turns
  2511 | D        | Mangled by a chaos spawn

Vault maps used:
D:        dungeon_sprint_1

Action                   |  1- 3 |  4- 6 |  7- 9 || total
-------------------------+-------+-------+-------++-------
Melee: Short sword       |    34 |    23 |    62 ||   119
Throw: Tomahawk          |       |       |     1 ||     1
 Cast: Passage of Golubr |       |     3 |       ||     3
       Shroud of Golubri |       |     2 |     2 ||     4
       Blink             |       |     1 |       ||     1
  Use: Potion            |     2 |     1 |     2 ||     5
 Stab: Sleeping          |     1 |     5 |     3 ||     9
       Distracted        |       |     1 |       ||     1
  Eat: Pizza             |       |       |     1 ||     1
